 Dungeon Crawl Stone Soup version 0.31-a0-313-g785cd24033 (webtiles) character file.

Game seed: 16201670597778975710

197 Dirash the Sneak (level 6, -2/34 HPs)
             Began as a Kobold Summoner on July 17, 2023.
             Was an Initiate of Yredelemnul.
             Killed by divine providence
             ... invoked by an orc priest
              (15 damage)
             ... on level 4 of the Dungeon.
             The game lasted 00:23:46 (2166 turns).

Dirash the Sneak (Kobold Summoner)                  Turns: 2166, Time: 00:23:48

Health: -2/34      AC:  8    Str:  6    XL:     6   Next: 5%
Magic:  9/9        EV: 15    Int: 18    God:    Yredelemnul [......]
Gold:   189        SH:  0    Dex: 15    Spells: 9/10 levels left

rFire   . . .        I - +4 rapier "Horex" {vamp, rC++}
rCold   + + .        (no shield)
rNeg    . . .        a - +0 robe
rPois   .            D - +0 helmet
rElec   .            c - +0 cloak
rCorr   .            (no gloves)
SInv    +            (no boots)
Will    .....        (no amulet)
Stlth   ++++         g - +4 ring of protection
HPRegen 0.25/turn    z - ring of see invisible
MPRegen 0.11/turn

%: no passive effects
@: no status effects
A: small, no large weapons, nightstalker 3
a: Renounce Religion, Recall Undead Harvest


You were on level 4 of the Dungeon.
You worshipped Yredelemnul.
Yredelemnul was noncommittal.
You visited 1 branch of the dungeon, and saw 4 of its levels.

You collected 189 gold pieces.

Inventory:

Hand Weapons
 f - a +0 short sword
 h - a +0 dagger
 l - a +0 short sword
 m - a +0 whip
 n - a +0 club
 o - a +0 dagger
 s - a +0 dagger of protection
 u - a +0 short sword
 x - a +0 whip
 A - a +0 whip
 C - a +0 dagger
 E - a +0 dagger
 I - the +4 rapier "Horex" (weapon) {vamp, rC++}
   (You found it on level 3 of the Dungeon)

   rC:        It greatly protects you from cold.
 J - a +0 hand axe
 P - a +0 flail
 R - a +0 dagger
 U - a +0 club
 W - the +11 mace "Doqud" {venom, rF- Dex+4}
   (You took it off a goblin on level 4 of the Dungeon)

   Dex:       It affects your dexterity (+4).
   rF:        It makes you vulnerable to fire.
 X - a +0 sling
 Z - a +0 whip
Missiles
 j - 21 stones
 k - 4 large rocks
 H - 5 poisoned darts
 V - 2 javelins
Armour
 a - a +0 robe (worn)
 c - a +0 cloak (worn)
 e - a +0 leather armour
 t - a +0 robe
 D - a +0 helmet (worn)
 L - a +0 ring mail
 Q - a +0 scale mail
 T - a +0 robe
Magical Staves
 F - a staff of air
Jewellery
 g - a +4 ring of protection (left hand)
 z - a ring of see invisible (right hand)
 B - a ring of poison resistance
Talismans
 y - a blade talisman
Scrolls
 p - a scroll of vulnerability
 q - a scroll of fear
 v - a scroll of poison {unknown}
 w - a scroll of noise {unknown}
 G - a scroll of enchant weapon {unknown}
 K - a scroll of blinking {unknown}
 M - a scroll of revelation {unknown}
 N - a scroll of teleportation {unknown}
 S - a scroll of fog {unknown}
 Y - a scroll of brand weapon {unknown}
Potions
 b - a potion of magic
 i - 2 potions of degeneration
 r - a potion of curing
 O - a potion of enlightenment {unknown}


   Skills:
 + Level 1.3 Fighting
 + Level 2.2 Axes
 + Level 3.1 Dodging
 + Level 5.0 Stealth
 + Level 2.5 Spellcasting
 + Level 4.5 Summonings


You had 9 spell levels left.
You knew the following spells:

 Your Spells              Type           Power      Damage    Failure   Level
a - Summon Small Mammal   Summ           72%        N/A       2%          1

Your spell library contained the following spells:

 Spells                   Type           Power      Damage    Failure   Level
 Call Imp                 Summ           36%        N/A       4%          2
 Call Canine Familiar     Summ           18%        N/A       9%          3
 Sting                    Tmut/Pois      8%         1d3       17%         1
 Summon Guardian Golem    Hex/Summ       10%        N/A       21%         3
 Poisonous Vapours        Pois/Air       4%         N/A       26%         2
 Tukima's Dance           Hex            2%         N/A       45%         3
 Summon Lightning Spire   Summ/Air       10%        N/A       56%         4
 Olgreb's Toxic Radiance  Pois           2%         N/A       86%         4
 Passage of Golubria      Tloc           2%         N/A       86%         4
 Yara's Violent Unravell  Hex/Tmut       1%         3d3       99%         5
 Haunt                    Necr/Summ      5%         N/A       100%        7
 Infestation              Necr           1%         N/A       100%        8
 Animate Dead             Necr           Unusable   N/A       N/A         4

Dungeon Overview and Level Annotations

Branches:
Dungeon (4/15)
 Temple: D:4-7

Altars:
Yredelemnul


Innate Abilities, Weirdness & Mutations

You are small and have problems with some larger weapons.
You are completely attuned to the shadows.


Message History

The orc hits you but does no damage.
Your Stealth skill increases to level 5!
You hit the orc.
The orc is heavily wounded.
The orc hits you but does no damage. The orc completely misses you.
The orc priest hits you but does no damage.
The orc closely misses you.
You barely miss the orc.
The orc is heavily wounded.
The orc hits you with a +0 flail. The orc closely misses you.
The orc hits you but does no damage. The orc priest completely misses you.
The orc priest hits you but does no damage.
The orc closely misses you. The orc misses you.
The orc hits you but does no damage.
You hit the orc but do no damage.
The orc is heavily wounded.
The orc barely misses you. The orc hits you but does no damage. x2
The orc priest invokes the aid of Beogh against you.
Beogh smites you! The orc attacks as you move away!
The orc hits you but does no damage. The orc attacks as you move away!
The orc barely misses you.
The orc priest calls upon Beogh to heal the orc.
The orc's wounds heal themselves!
You hit the orc.
You feel better.
The orc is severely wounded.
The orc barely misses you.
You hit the orc but do no damage.
The orc is severely wounded.
The orc priest calls upon Beogh to heal the orc.
The orc's wounds heal themselves!
The orc hits you with a +0 flail.
You hit the orc but do no damage.
The orc is severely wounded.
The orc misses you.
You barely miss the orc.
The orc is severely wounded.
The orc hits you with a +0 flail. The orc hits you with a +0 short sword.
The orc priest invokes the aid of Beogh against you.
Beogh smites you!
You die...
Your body rises from the dead as a mindless zombie.

.#.#...#Z#.................##
...#.#.#...#####.........###
##.......### #......#....#
.....#.... #..#...#....#
#....#.... ###.#........#
.....#... .....###.###.# ##.
....##.......# ..
............)# .#
...#@#.......# .
.#.#oo.......# .
....o##..))..# ..
.#...........# ..
#....#.###.## . #......# .# .
.....#### .# .#.#.. ..#.#


You could see an orc priest and 2 orcs.

Vanquished Creatures
  A jelly (D:4)
  3 gnolls (D:4)
  4 adders
  A white imp (D:4)
  A dart slug (D:3)
  An orc (D:4)
  6 ball pythons
  4 endoplasms
  4 giant cockroaches
  4 goblins
  3 hobgoblins
  2 quokkas
  3 bats
  4 frilled lizards
  7 kobolds
  2 rats (D:3)
50 creatures vanquished.

Vanquished Creatures (collateral kills)
  A hound (D:4)
  An orc (D:3)
  3 endoplasms
  A giant cockroach (D:4)
  2 goblins (D:4)
  A ball python (D:2)
  A bat (D:2)
  A frilled lizard (D:1)
11 creatures vanquished.

Vanquished Creatures (others)
  A hound zombie (D:4)
  A jelly zombie (D:4)
  A ball python zombie (D:4)
  An endoplasm zombie (D:4)
  A giant cockroach zombie (D:4)
5 creatures vanquished.

Grand Total: 66 creatures vanquished

Notes
Turn   | Place    | Note
-------+----------+-------------------------------------------
     0 | D:1      | Dirash the Kobold Summoner began the quest for the Orb.
     0 | D:1      | Reached XP level 1. HP: 10/10 MP: 3/3
   171 | D:1      | Reached XP level 2. HP: 15/15 MP: 5/5
   734 | D:1      | Reached XP level 3. HP: 19/19 MP: 4/6
  1124 | D:2      | Reached skill level 3 in Stealth
  1349 | D:2      | Reached XP level 4. HP: 21/24 MP: 7/7
  1390 | D:2      | Reached skill level 1 in Fighting
  1575 | D:3      | Reached skill level 1 in Axes
  1808 | D:3      | Found a faded altar of an unknown god.
  1810 | D:3      | Identified the +4 rapier "Horex" {vamp, rC++}
  1825 | D:3      | Prayed at the altar of an unknown god.
  1825 | D:3      | Became a worshipper of Yredelemnul the Dark
  1825 | D:3      | Reached * piety under Yredelemnul
  1985 | D:4      | Reached skill level 4 in Stealth
  2028 | D:4      | Reached XP level 5. HP: 26/29 MP: 8/8
  2069 | D:4      | Identified the +11 mace "Doqud" {venom, rF- Dex+4}
  2137 | D:4      | Reached XP level 6. HP: 32/34 MP: 9/9
  2157 | D:4      | Reached skill level 5 in Stealth
  2166 | D:4      | Killed from afar by an orc priest

Illustrated notes

Levels and vault maps discovered:
D:1:      dpeg_arrival_rooms_a, layout_loops_cross, glass_columns_c
D:2:      layout_rooms, minmay_tetromino_l4
D:3:      kb_forest_paths, layout_rooms, nicolae_ecumenical_lake_church
D:4:      nicolae_cairo_tiling_large_dashed, layout_rooms, serial_shops, shop

Skill      XL: |  1  2  3  4  5  6 |
---------------+-------------------+-----
Stealth        | 3 4 5 |  5.0
Fighting       | 1 |  1.3
Axes           | 1 2 |  2.2
Dodging        | 3 |  3.1
Spellcasting   | |  2.5
Summonings     | |  4.5

Action                     |  1- 3 |  4- 6 || total
---------------------------+-------+-------++-------
  Melee: Hand axe          |    86 |    62 ||   148
         Rapier            |       |    26 ||    26
   Cast: Summon Small Mamm |     8 |     3 ||    11
    Use: Scroll            |     5 |       ||     5
         Potion            |     1 |       ||     1
   Stab: Sleeping          |    11 |    14 ||    25
         Distracted        |       |     1 ||     1
 Armour: Robe              |    28 |    35 ||    63
  Dodge: Dodged            |    91 |    89 ||   180

Table legend: (Time is in decaauts)
 A = Elapsed time spent in this place.
 B = Non-inter-level travel time spent in this place.
 C = Inter-level travel time spent in this place.
 D = Time resting spent in this place.
 E = Time spent auto-exploring this place.
 F = Levels seen in this place.
 G = Mean time per level.
                   A        B        C        D        E       F      G
               +--------+--------+--------+--------+--------+-----+--------+
         Total |   2213 |    781 |   1432 |    100 |      0 |   4 |  553.2 |
       Dungeon |   2213 |    781 |   1432 |    100 |      0 |   4 |  553.2 |
               +--------+--------+--------+--------+--------+-----+--------+

Top non-repeatable levels by time:
     D:1: 1066 daAuts
     D:2: 522 daAuts
     D:3: 385 daAuts
     D:4: 239 daAuts
